Connexion

NEW YORK Rangers vs BOSTON Bruins (R1)

Created - 10 avril 2024 at 05:50

Goals
1 2 3 OT1 T
NEW YORK Rangers 2 0 1 0 3
BOSTON Bruins 0 1 2 1 4
Shots
1 2 3 OT1 T
NEW YORK Rangers 20 11 5 2 38
BOSTON Bruins 4 5 6 1 16

GoalsPenalties
1st period
1. NEW YORK Rangers , Zach Hyman 1 (Ryan Strome 1, Torey Krug 1) at 12:05 (PP)
2. NEW YORK Rangers , Taylor Hall 1 (Travis Konecny 1, Cody Goloubef 1) at 13:34
Rasmus Andersson (BOS) for Tripping (Minor) at 5:53
Kaapo Kakko (BOS) for Interference (Minor) at 11:37
2nd period
3. BOSTON Bruins , Jake DeBrusk 1 (Dmitri Orlov 1, Mikael Granlund 1) at 7:01 (PP)
Dmitri Orlov (BOS) for Holding (Minor) at 0:13
Ty Dellandrea (NYR) for Holding (Minor) at 5:42
Cody Goloubef (NYR) for Interference (Minor) at 18:19
3rd period
4. NEW YORK Rangers , Torey Krug 1 (Nolan Patrick 1, Ryan Strome 2) at 1:33
5. BOSTON Bruins , Mikael Granlund 1 (Jake DeBrusk 1, Jonathan Marchessault 1) at 7:41 (PP)
6. BOSTON Bruins , Ryan Carpenter 1 (Dmitri Orlov 2, Matt Dumba 1) at 8:18
Ryan Strome (NYR) for Tripping (Minor) at 7:13
Rasmus Andersson (BOS) for Interference (Minor) at 8:27
Matt Dumba (BOS) for Delaying the game (Minor) at 16:10
Overtime #1
7. BOSTON Bruins , Elias Pettersson 1 (Adam Boqvist 1, Matt Grzelcyk 1) at 1:55 (SH)
Mikael Granlund (BOS) for Roughing (Minor) at 0:12
Goalie Stats
Malcolm Subban (NYR), 12 saves from 16 shots - (0,750), OTL, 0-0-1, 61:56 minutes
Jacob Markstrom (BOS), 35 saves from 38 shots - (0,921), W, 1-0-0, 61:56 minutes
3 StarsOfficial
1 - Torey Krug (NYR)
2 - Adam Boqvist (BOS)
3 - Elias Pettersson (BOS)
Referees : Gord Dwyer and Jean Hebert
Linesman : Mark Wheler and Shane Heyer
Game Note
No Game Note
Finance
Level 1 -- Attendance: 6000 (100,00%) -- Ticket Income $810,000
Level 2 -- Attendance: 4331 (94,87%) -- Ticket Income $476,410
Level 3 -- Attendance: 2000 (100,00%) -- Ticket Income $110,000
Level 4 -- Attendance: 4000 (100,00%) -- Ticket Income $140,000
Luxury Box -- Attendance: 1000 (100,00%) -- Ticket Income $230,000
Game was played at the TD Garden.
Total Attendance: 17331 (98,67%)
Total Ticket Income: $1,766,410
Other Income: $353,282
Total Income: $2,119,692



Team Name Goals Shots Shots Attemp Shots Blocked PIM HIT PP PK FO%
NEW YORK Rangers 3388196201 / 6 (17%)248%
BOSTON Bruins 41637912292 / 3 (67%)153%

NEW YORK Rangers
Player Name POS G A P +/- PIM HIT SHT SB MP PP MP PP SHT PK MP PK SHT FO% FOT
Cody GoloubefD0111202016:390:0000:5400% 0
Jakob ChychrunD0001002225:295:3021:5800% 0
John MooreD000-2032120:594:3722:0600% 0
Jon MerrillD0000011120:234:3700:0000% 0
Kevin FialaLW/RW0000011022:095:2201:2100% 1
Kieffer BellowsLW0000021012:140:0000:0000% 0
Logan CoutureC/LW0000002014:390:0002:2500% 0
Logan StanleyD000-1002015:020:0000:4600% 0
Nolan PatrickC0110034120:504:4522:25150% 28
Ryan StromeC/RW0220222018:244:4500:0000% 1
Taylor HallC/LW1010015020:485:2220:00033% 3
Torey KrugD1121013225:195:3011:4800% 0
Travis KonecnyC/LW/RW0110056022:095:2211:21041% 27
Trevor MooreC/LW/RW000001006:430:0000:0000% 0
Ty DellandreaC000020116:420:0000:00070% 10
Tyler EnnisC/LW0000001012:140:0000:00056% 9
Vasili PodkolzinRW000000106:430:0000:0000% 1
Zach HymanC/LW/RW1010002118:254:4520:0000% 0
BOSTON Bruins
Player Name POS G A P +/- PIM HIT SHT SB MP PP MP PP SHT PK MP PK SHT FO% FOT
Adam BoqvistD0111050222:201:5005:1400% 0
Alex IafalloC/LW0001012010:430:0000:0000% 0
Andre BurakovskyC/LW/RW0000011017:131:2200:200100% 1
Brandon TanevLW/RW000002005:370:0000:0000% 0
Dmitri OrlovD0220231021:571:5610:0000% 0
Elias PetterssonC1011012119:461:2202:53147% 19
Henri JokiharjuD000-1020218:080:0005:2300% 0
Jake DeBruskLW/RW112-2001125:142:2416:3800% 0
Jonathan MarchessaultRW011-1011021:292:2402:53075% 4
Kaapo KakkoRW0000221016:521:2200:0000% 0
Matt DumbaD0110232123:431:5601:4600% 0
Matt GrzelcykD0110000117:290:0004:4400% 0
Mikael GranlundC/LW112-2252023:532:2415:18063% 30
Rasmus AnderssonD0000420120:111:5003:0700% 0
Ryan Carpenter C/RW1011011012:550:0002:12075% 4
Thomas NovakC0001002016:200:0000:00032% 22
Walker DuehrRW000000000:000:0000:0000% 0
Zachary SenyshynRW000000005:370:0000:0000% 0



Play-by-Play

1st period


0:01 of 1st period - Mikael Granlund wins face-off versus Travis Konecny in neutral zone.
0:20 of 1st period - Icing by Dmitri Orlov.
0:21 of 1st period - Mikael Granlund wins face-off versus Nolan Patrick in BOSTON Bruins zone.
0:31 of 1st period - Ryan Strome is hit by Dmitri Orlov and loses puck.
0:46 of 1st period - Shot by Zach Hyman.
0:46 of 1st period - Shot Misses the Net.
0:56 of 1st period - Shot by Zach Hyman.
0:56 of 1st period - Shot Blocked by Matt Dumba.
0:58 of 1st period - Shot by Nolan Patrick.
0:58 of 1st period - Stopped by Jacob Markstrom with a rebound.
1:00 of 1st period - Shot by Ryan Strome.
1:00 of 1st period - Shot Hit the Post.
1:02 of 1st period - Shot by Zach Hyman.
1:02 of 1st period - Shot Misses the Net.
1:27 of 1st period - John Moore is hit by Rasmus Andersson and loses puck.
1:36 of 1st period - Shot by Tyler Ennis.
1:36 of 1st period - Stopped by Jacob Markstrom without a rebound.
1:37 of 1st period - Ryan Carpenter wins face-off versus Taylor Hall in BOSTON Bruins zone.
2:05 of 1st period - Icing by Torey Krug.
2:06 of 1st period - Elias Pettersson wins face-off versus Travis Konecny in NEW YORK Rangers zone.
2:45 of 1st period - Shot by Elias Pettersson.
2:45 of 1st period - Stopped by Malcolm Subban without a rebound.
2:46 of 1st period - Tyler Ennis wins face-off versus Thomas Novak in NEW YORK Rangers zone.
2:46 of 1st period - Tyler Ennis is hit by Brandon Tanev.
2:57 of 1st period - Off-side.
2:58 of 1st period - Nolan Patrick wins face-off versus Thomas Novak in neutral zone.
3:01 of 1st period - Thomas Novak is hit by Ryan Strome and loses puck.
3:34 of 1st period - Shot by Nolan Patrick.
3:34 of 1st period - Shot Misses the Net.
3:36 of 1st period - Shot by John Moore.
3:36 of 1st period - Shot Misses the Net.
3:38 of 1st period - Shot by John Moore.
3:38 of 1st period - Deflect By Ryan Strome.
3:38 of 1st period - Shot Blocked by Matt Grzelcyk.
3:40 of 1st period - Shot by Logan Stanley.
3:40 of 1st period - Shot Misses the Net.
3:57 of 1st period - Off-side.
3:58 of 1st period - Elias Pettersson wins face-off versus Travis Konecny in neutral zone.
3:58 of 1st period - Adam Boqvist is hit by Kevin Fiala and loses puck.
4:03 of 1st period - Shot by Taylor Hall.
4:03 of 1st period - Shot Misses the Net.
4:05 of 1st period - Shot by Taylor Hall.
4:05 of 1st period - Shot Misses the Net.
4:07 of 1st period - Shot by Travis Konecny.
4:07 of 1st period - Stopped by Jacob Markstrom with a rebound.
4:09 of 1st period - Shot by Kevin Fiala.
4:09 of 1st period - Shot Misses the Net.
4:26 of 1st period - Shot by Kevin Fiala.
4:26 of 1st period - Shot Misses the Net.
4:28 of 1st period - Shot by Travis Konecny.
4:28 of 1st period - Shot Misses the Net.
4:30 of 1st period - Shot by Cody Goloubef.
4:30 of 1st period - Stopped by Jacob Markstrom without a rebound.
4:31 of 1st period - Tyler Ennis wins face-off versus Mikael Granlund in BOSTON Bruins zone.
4:38 of 1st period - Shot by Kieffer Bellows.
4:38 of 1st period - Deflect By Logan Couture.
4:38 of 1st period - Stopped by Jacob Markstrom with a rebound.
5:52 of 1st period - Shot by Ty Dellandrea.
5:52 of 1st period - Stopped by Jacob Markstrom without a rebound.
5:53 of 1st period - Nolan Patrick wins face-off versus Thomas Novak in BOSTON Bruins zone.
5:53 of 1st period - Minor Penalty to Rasmus Andersson for Tripping.
5:54 of 1st period - Ryan Carpenter wins face-off versus Travis Konecny in BOSTON Bruins zone.
6:02 of 1st period - Taylor Hall is hit by Adam Boqvist and loses puck.
6:05 of 1st period - Shot by Jakob Chychrun.
6:05 of 1st period - Stopped by Jacob Markstrom without a rebound.
6:06 of 1st period - Ryan Carpenter wins face-off versus Nolan Patrick in BOSTON Bruins zone.
6:06 of 1st period - Ryan Carpenter is hit by Nolan Patrick.
6:18 of 1st period - Shot by John Moore.
6:18 of 1st period - Stopped by Jacob Markstrom with a rebound.
6:20 of 1st period - Shot by John Moore.
6:20 of 1st period - Shot Misses the Net.
6:22 of 1st period - Shot by Ryan Strome.
6:22 of 1st period - Deflect By Zach Hyman.
6:22 of 1st period - Shot Misses the Net.
6:24 of 1st period - Shot by Nolan Patrick.
6:24 of 1st period - Shot Misses the Net.
6:26 of 1st period - Shot by Nolan Patrick.
6:26 of 1st period - Stopped by Jacob Markstrom without a rebound.
6:27 of 1st period - Jonathan Marchessault wins face-off versus Travis Konecny in BOSTON Bruins zone.
6:34 of 1st period - Jakob Chychrun is hit by Jonathan Marchessault and loses puck.
7:11 of 1st period - Shot by Travis Konecny.
7:11 of 1st period - Shot Misses the Net.
7:27 of 1st period - Elias Pettersson is hit by Ryan Strome and loses puck.
7:50 of 1st period - Shot by Nolan Patrick.
7:50 of 1st period - Stopped by Jacob Markstrom without a rebound.
7:51 of 1st period - Mikael Granlund wins face-off versus Travis Konecny in BOSTON Bruins zone.
7:51 of 1st period - Mikael Granlund is hit by Taylor Hall.
7:57 of 1st period - Shot by Thomas Novak.
7:57 of 1st period - Shot Misses the Net.
8:06 of 1st period - Jon Merrill is hit by Adam Boqvist and loses puck.
8:14 of 1st period - Logan Couture is hit by Rasmus Andersson and loses puck.
8:49 of 1st period - Off-side.
8:50 of 1st period - Travis Konecny wins face-off versus Elias Pettersson in neutral zone.
9:09 of 1st period - Elias Pettersson is hit by Travis Konecny and loses puck.
9:18 of 1st period - Shot by Travis Konecny.
9:18 of 1st period - Stopped by Jacob Markstrom without a rebound.
9:19 of 1st period - Nolan Patrick wins face-off versus Mikael Granlund in BOSTON Bruins zone.
9:28 of 1st period - Shot by Nolan Patrick.
9:28 of 1st period - Shot Hit the Post.
9:30 of 1st period - Shot by Ryan Strome.
9:30 of 1st period - Stopped by Jacob Markstrom without a rebound.
9:31 of 1st period - Thomas Novak wins face-off versus Tyler Ennis in BOSTON Bruins zone.
11:05 of 1st period - Shot by Mikael Granlund.
11:05 of 1st period - Shot Misses the Net.
11:26 of 1st period - Off-side.
11:27 of 1st period - Travis Konecny wins face-off versus Elias Pettersson in neutral zone.
11:37 of 1st period - Minor Penalty to Kaapo Kakko for Interference.
11:38 of 1st period - Travis Konecny wins face-off versus Mikael Granlund in BOSTON Bruins zone.
11:59 of 1st period - Shot by Taylor Hall.
11:59 of 1st period - Stopped by Jacob Markstrom without a rebound.
12:00 of 1st period - Nolan Patrick wins face-off versus Jonathan Marchessault in BOSTON Bruins zone.
12:01 of 1st period - Shot by Torey Krug.
12:01 of 1st period - Shot Misses the Net.
12:03 of 1st period - Shot by Ryan Strome.
12:03 of 1st period - Deflect By Zach Hyman.
12:03 of 1st period - Stopped by Jacob Markstrom with a rebound.
12:05 of 1st period - Shot by Zach Hyman.
12:05 of 1st period - Goal by Zach Hyman - NEW YORK Rangers : 1 - BOSTON Bruins : 0.
12:06 of 1st period - Elias Pettersson wins face-off versus Nolan Patrick in neutral zone.
13:02 of 1st period - Ryan Strome is hit by Mikael Granlund and loses puck.
13:30 of 1st period - Shot by Taylor Hall.
13:30 of 1st period - Shot Misses the Net.
13:32 of 1st period - Shot by Cody Goloubef.
13:32 of 1st period - Deflect By Travis Konecny.
13:32 of 1st period - Stopped by Jacob Markstrom with a rebound.
13:34 of 1st period - Shot by Taylor Hall.
13:34 of 1st period - Goal by Taylor Hall - NEW YORK Rangers : 2 - BOSTON Bruins : 0.
13:35 of 1st period - Thomas Novak wins face-off versus Ty Dellandrea in neutral zone.
13:44 of 1st period - Thomas Novak is hit by John Moore and loses puck.
13:59 of 1st period - Shot by Adam Boqvist.
13:59 of 1st period - Shot Misses the Net.
14:19 of 1st period - Shot by Thomas Novak.
14:19 of 1st period - Stopped by Malcolm Subban without a rebound.
14:20 of 1st period - Mikael Granlund wins face-off versus Travis Konecny in NEW YORK Rangers zone.
14:21 of 1st period - Shot by Matt Dumba.
14:21 of 1st period - Stopped by Malcolm Subban without a rebound.
14:22 of 1st period - Mikael Granlund wins face-off versus Taylor Hall in NEW YORK Rangers zone.
14:30 of 1st period - Mikael Granlund is hit by Jon Merrill and loses puck.
14:37 of 1st period - Shot by Jake DeBrusk.
14:37 of 1st period - Shot Blocked by Jon Merrill.
14:39 of 1st period - Shot by Mikael Granlund.
14:39 of 1st period - Stopped by Malcolm Subban with a rebound.
14:41 of 1st period - Shot by Jake DeBrusk.
14:41 of 1st period - Shot Misses the Net.
14:53 of 1st period - Shot by Taylor Hall.
14:53 of 1st period - Stopped by Jacob Markstrom without a rebound.
14:54 of 1st period - Nolan Patrick wins face-off versus Elias Pettersson in BOSTON Bruins zone.
14:59 of 1st period - Shot by Ryan Strome.
14:59 of 1st period - Stopped by Jacob Markstrom without a rebound.
15:00 of 1st period - Nolan Patrick wins face-off versus Elias Pettersson in BOSTON Bruins zone.
15:15 of 1st period - Icing by Andre Burakovsky.
15:16 of 1st period - Andre Burakovsky wins face-off versus Travis Konecny in BOSTON Bruins zone.
16:22 of 1st period - Shot by Mikael Granlund.
16:22 of 1st period - Shot Blocked by Zach Hyman.
16:25 of 1st period - Icing by Zach Hyman.
16:26 of 1st period - Thomas Novak wins face-off versus Nolan Patrick in NEW YORK Rangers zone.
16:26 of 1st period - Adam Boqvist is hit by Torey Krug.
16:28 of 1st period - Shot by Brandon Tanev.
16:28 of 1st period - Shot Blocked by Nolan Patrick.
16:34 of 1st period - Shot by Jakob Chychrun.
16:34 of 1st period - Shot Blocked by Adam Boqvist.
16:41 of 1st period - Icing by Thomas Novak.
16:42 of 1st period - Tyler Ennis wins face-off versus Thomas Novak in BOSTON Bruins zone.
16:42 of 1st period - Tyler Ennis is hit by Adam Boqvist.
16:51 of 1st period - Kieffer Bellows is hit by Brandon Tanev.
17:21 of 1st period - Shot by Tyler Ennis.
17:21 of 1st period - Deflect By Kieffer Bellows.
17:21 of 1st period - Shot Misses the Net.
17:43 of 1st period - Shot by Mikael Granlund.
17:43 of 1st period - Shot Blocked by John Moore.
18:46 of 1st period - Shot by Taylor Hall.
18:46 of 1st period - Deflect By Kevin Fiala.
18:46 of 1st period - Shot Misses the Net.
19:01 of 1st period - Taylor Hall is hit by Henri Jokiharju and loses puck.
19:21 of 1st period - Shot by Torey Krug.
19:21 of 1st period - Shot Blocked by Elias Pettersson.
19:37 of 1st period - Shot by Ryan Strome.
19:37 of 1st period - Shot Misses the Net.
19:43 of 1st period - Shot by Nolan Patrick.
19:43 of 1st period - Shot Misses the Net.
19:45 of 1st period - Shot by Jon Merrill.
19:45 of 1st period - Stopped by Jacob Markstrom without a rebound.
19:46 of 1st period - Thomas Novak wins face-off versus Ty Dellandrea in BOSTON Bruins zone.
Goals for this period are 2 for NEW YORK Rangers vs 0 for BOSTON Bruins.
Shots for this period are 20 for NEW YORK Rangers vs 4 for BOSTON Bruins.

2nd period


0:01 of 2nd period - Mikael Granlund wins face-off versus Kevin Fiala in neutral zone.
0:13 of 2nd period - Minor Penalty to Dmitri Orlov for Holding.
0:14 of 2nd period - Nolan Patrick wins face-off versus Mikael Granlund in BOSTON Bruins zone.
0:19 of 2nd period - Shot by John Moore.
0:19 of 2nd period - Stopped by Jacob Markstrom without a rebound.
0:20 of 2nd period - Travis Konecny wins face-off versus Mikael Granlund in BOSTON Bruins zone.
0:27 of 2nd period - Shot by Taylor Hall.
0:27 of 2nd period - Shot Misses the Net.
1:07 of 2nd period - Off-side.
1:08 of 2nd period - Nolan Patrick wins face-off versus Mikael Granlund in neutral zone.
2:12 of 2nd period - Shot by Jakob Chychrun.
2:12 of 2nd period - Deflect By Taylor Hall.
2:12 of 2nd period - Stopped by Jacob Markstrom without a rebound.
2:13 of 2nd period - Thomas Novak wins face-off versus Ty Dellandrea in BOSTON Bruins zone.
2:21 of 2nd period - Off-side.
2:22 of 2nd period - Elias Pettersson wins face-off versus Tyler Ennis in neutral zone.
3:37 of 2nd period - Shot by Travis Konecny.
3:37 of 2nd period - Stopped by Jacob Markstrom without a rebound.
3:38 of 2nd period - Thomas Novak wins face-off versus Nolan Patrick in BOSTON Bruins zone.
4:06 of 2nd period - Icing by Nolan Patrick.
4:07 of 2nd period - Jonathan Marchessault wins face-off versus Ryan Strome in NEW YORK Rangers zone.
5:15 of 2nd period - Shot by Thomas Novak.
5:15 of 2nd period - Stopped by Malcolm Subban without a rebound.
5:16 of 2nd period - Ty Dellandrea wins face-off versus Elias Pettersson in NEW YORK Rangers zone.
5:42 of 2nd period - Minor Penalty to Ty Dellandrea for Holding.
5:43 of 2nd period - Mikael Granlund wins face-off versus Nolan Patrick in NEW YORK Rangers zone.
5:44 of 2nd period - Shot by Dmitri Orlov.
5:44 of 2nd period - Shot Blocked by Jakob Chychrun.
6:21 of 2nd period - Shot by Dmitri Orlov.
6:21 of 2nd period - Stopped by Malcolm Subban without a rebound.
6:22 of 2nd period - Elias Pettersson wins face-off versus Travis Konecny in NEW YORK Rangers zone.
6:40 of 2nd period - Icing by Kaapo Kakko.
6:41 of 2nd period - Elias Pettersson wins face-off versus Nolan Patrick in BOSTON Bruins zone.
6:52 of 2nd period - Shot by Logan Couture.
6:52 of 2nd period - Deflect By Nolan Patrick.
6:52 of 2nd period - Stopped by Jacob Markstrom without a rebound.
6:53 of 2nd period - Mikael Granlund wins face-off versus Nolan Patrick in BOSTON Bruins zone.
6:53 of 2nd period - Mikael Granlund is hit by Nolan Patrick.
7:01 of 2nd period - Shot by Dmitri Orlov.
7:01 of 2nd period - Deflect By Jake DeBrusk.
7:01 of 2nd period - Goal by Jake DeBrusk - NEW YORK Rangers : 2 - BOSTON Bruins : 1.
7:02 of 2nd period - Travis Konecny wins face-off versus Thomas Novak in neutral zone.
7:17 of 2nd period - Matt Dumba is hit by Travis Konecny and loses puck.
7:24 of 2nd period - Taylor Hall is hit by Alex Iafallo and loses puck.
8:46 of 2nd period - Nolan Patrick is hit by Mikael Granlund and loses puck.
9:29 of 2nd period - Shot by Tyler Ennis.
9:29 of 2nd period - Shot Misses the Net.
9:52 of 2nd period - Icing by Dmitri Orlov.
9:53 of 2nd period - Ty Dellandrea wins face-off versus Thomas Novak in BOSTON Bruins zone.
10:56 of 2nd period - Shot by Logan Couture.
10:56 of 2nd period - Shot Misses the Net.
10:58 of 2nd period - Shot by Logan Stanley.
10:58 of 2nd period - Stopped by Jacob Markstrom without a rebound.
10:59 of 2nd period - Elias Pettersson wins face-off versus Travis Konecny in BOSTON Bruins zone.
11:01 of 2nd period - Andre Burakovsky is hit by Travis Konecny and loses puck.
11:33 of 2nd period - Off-side.
11:34 of 2nd period - Mikael Granlund wins face-off versus Nolan Patrick in neutral zone.
13:43 of 2nd period - Shot by Taylor Hall.
13:43 of 2nd period - Stopped by Jacob Markstrom without a rebound.
13:44 of 2nd period - Tyler Ennis wins face-off versus Mikael Granlund in BOSTON Bruins zone.
14:07 of 2nd period - Kieffer Bellows is hit by Adam Boqvist and loses puck.
14:12 of 2nd period - Shot by Tyler Ennis.
14:12 of 2nd period - Shot Blocked by Rasmus Andersson.
14:14 of 2nd period - Shot by Cody Goloubef.
14:14 of 2nd period - Stopped by Jacob Markstrom with a rebound.
14:16 of 2nd period - Shot by Logan Couture.
14:16 of 2nd period - Shot Misses the Net.
14:18 of 2nd period - Shot by Cody Goloubef.
14:18 of 2nd period - Deflect By Kieffer Bellows.
14:18 of 2nd period - Stopped by Jacob Markstrom with a rebound.
14:40 of 2nd period - Shot by Jakob Chychrun.
14:40 of 2nd period - Shot Misses the Net.
14:42 of 2nd period - Shot by Torey Krug.
14:42 of 2nd period - Stopped by Jacob Markstrom without a rebound.
14:43 of 2nd period - Ty Dellandrea wins face-off versus Elias Pettersson in BOSTON Bruins zone.
14:48 of 2nd period - Shot by Vasili Podkolzin.
14:48 of 2nd period - Stopped by Jacob Markstrom without a rebound.
14:49 of 2nd period - Elias Pettersson wins face-off versus Travis Konecny in BOSTON Bruins zone.
15:00 of 2nd period - Shot by Kevin Fiala.
15:00 of 2nd period - Stopped by Jacob Markstrom without a rebound.
15:01 of 2nd period - Ty Dellandrea wins face-off versus Thomas Novak in BOSTON Bruins zone.
15:22 of 2nd period - Shot by Alex Iafallo.
15:22 of 2nd period - Deflect By Ryan Carpenter .
15:22 of 2nd period - Shot Misses the Net.
15:40 of 2nd period - Shot by Dmitri Orlov.
15:40 of 2nd period - Deflect By Ryan Carpenter .
15:40 of 2nd period - Shot Blocked by Torey Krug.
15:42 of 2nd period - Shot by Alex Iafallo.
15:42 of 2nd period - Stopped by Malcolm Subban with a rebound.
15:58 of 2nd period - Rasmus Andersson is hit by Trevor Moore and loses puck.
16:14 of 2nd period - Rasmus Andersson is hit by Travis Konecny and loses puck.
16:41 of 2nd period - Mikael Granlund is hit by Travis Konecny and loses puck.
17:01 of 2nd period - Icing by Zach Hyman.
17:02 of 2nd period - Nolan Patrick wins face-off versus Elias Pettersson in NEW YORK Rangers zone.
17:02 of 2nd period - Ryan Strome is hit by Andre Burakovsky and loses puck.
18:09 of 2nd period - Shot by Alex Iafallo.
18:09 of 2nd period - Stopped by Malcolm Subban without a rebound.
18:10 of 2nd period - Thomas Novak wins face-off versus Travis Konecny in NEW YORK Rangers zone.
18:19 of 2nd period - Minor Penalty to Cody Goloubef for Interference.
18:20 of 2nd period - Mikael Granlund wins face-off versus Travis Konecny in NEW YORK Rangers zone.
18:41 of 2nd period - Logan Couture is hit by Mikael Granlund and loses puck.
19:17 of 2nd period - Off-side.
19:18 of 2nd period - Elias Pettersson wins face-off versus Nolan Patrick in neutral zone.
19:43 of 2nd period - Shot by Adam Boqvist.
19:43 of 2nd period - Shot Blocked by Jakob Chychrun.
19:55 of 2nd period - Shot by Rasmus Andersson.
19:55 of 2nd period - Shot Misses the Net.
19:57 of 2nd period - Shot by Adam Boqvist.
19:57 of 2nd period - Shot Blocked by Torey Krug.
19:59 of 2nd period - Shot by Adam Boqvist.
19:59 of 2nd period - Shot Misses the Net.
Goals for this period are 0 for NEW YORK Rangers vs 1 for BOSTON Bruins.
Shots for this period are 11 for NEW YORK Rangers vs 5 for BOSTON Bruins.

3rd period


0:01 of 3rd period - Mikael Granlund wins face-off versus Nolan Patrick in neutral zone.
0:40 of 3rd period - Kevin Fiala is hit by Kaapo Kakko and loses puck.
1:33 of 3rd period - Shot by Torey Krug.
1:33 of 3rd period - Goal by Torey Krug - NEW YORK Rangers : 3 - BOSTON Bruins : 1.
1:34 of 3rd period - Nolan Patrick wins face-off versus Thomas Novak in neutral zone.
2:50 of 3rd period - Tyler Ennis is hit by Matt Dumba and loses puck.
2:58 of 3rd period - Icing by Jake DeBrusk.
2:59 of 3rd period - Mikael Granlund wins face-off versus Vasili Podkolzin in BOSTON Bruins zone.
3:53 of 3rd period - Shot by Elias Pettersson.
3:53 of 3rd period - Shot Misses the Net.
3:58 of 3rd period - Travis Konecny is hit by Kaapo Kakko and loses puck.
4:14 of 3rd period - Travis Konecny is hit by Adam Boqvist and loses puck.
4:17 of 3rd period - Shot by John Moore.
4:17 of 3rd period - Shot Blocked by Adam Boqvist.
4:35 of 3rd period - Elias Pettersson is hit by Kieffer Bellows and loses puck.
5:05 of 3rd period - Icing by Jakob Chychrun.
5:06 of 3rd period - Mikael Granlund wins face-off versus Tyler Ennis in NEW YORK Rangers zone.
6:04 of 3rd period - Off-side.
6:05 of 3rd period - Travis Konecny wins face-off versus Thomas Novak in neutral zone.
6:11 of 3rd period - Matt Grzelcyk is hit by John Moore and loses puck.
6:15 of 3rd period - Icing by Logan Stanley.
6:16 of 3rd period - Travis Konecny wins face-off versus Thomas Novak in NEW YORK Rangers zone.
6:34 of 3rd period - Shot by Travis Konecny.
6:34 of 3rd period - Deflect By Taylor Hall.
6:34 of 3rd period - Shot Misses the Net.
6:36 of 3rd period - Shot by Logan Stanley.
6:36 of 3rd period - Stopped by Jacob Markstrom with a rebound.
6:38 of 3rd period - Shot by Travis Konecny.
6:38 of 3rd period - Stopped by Jacob Markstrom without a rebound.
6:39 of 3rd period - Nolan Patrick wins face-off versus Elias Pettersson in BOSTON Bruins zone.
7:13 of 3rd period - Minor Penalty to Ryan Strome for Tripping.
7:14 of 3rd period - Travis Konecny wins face-off versus Mikael Granlund in NEW YORK Rangers zone.
7:14 of 3rd period - Jakob Chychrun is hit by Mikael Granlund and loses puck.
7:37 of 3rd period - Shot by Mikael Granlund.
7:37 of 3rd period - Deflect By Jake DeBrusk.
7:37 of 3rd period - Shot Misses the Net.
7:39 of 3rd period - Shot by Mikael Granlund.
7:39 of 3rd period - Shot Misses the Net.
7:41 of 3rd period - Shot by Mikael Granlund.
7:41 of 3rd period - Goal by Mikael Granlund - NEW YORK Rangers : 3 - BOSTON Bruins : 2.
7:42 of 3rd period - Travis Konecny wins face-off versus Thomas Novak in neutral zone.
8:16 of 3rd period - Shot by Ryan Carpenter .
8:16 of 3rd period - Shot Misses the Net.
8:18 of 3rd period - Shot by Dmitri Orlov.
8:18 of 3rd period - Deflect By Ryan Carpenter .
8:18 of 3rd period - Goal by Ryan Carpenter - NEW YORK Rangers : 3 - BOSTON Bruins : 3.
8:19 of 3rd period - Mikael Granlund wins face-off versus Tyler Ennis in neutral zone.
8:21 of 3rd period - Rasmus Andersson is hit by Kieffer Bellows and loses puck.
8:27 of 3rd period - Minor Penalty to Rasmus Andersson for Interference.
8:28 of 3rd period - Nolan Patrick wins face-off versus Mikael Granlund in BOSTON Bruins zone.
9:50 of 3rd period - Shot by Travis Konecny.
9:50 of 3rd period - Stopped by Jacob Markstrom without a rebound.
9:51 of 3rd period - Taylor Hall wins face-off versus Mikael Granlund in BOSTON Bruins zone.
9:51 of 3rd period - Torey Krug is hit by Matt Dumba and loses puck.
11:27 of 3rd period - Shot by Matt Dumba.
11:27 of 3rd period - Stopped by Malcolm Subban with a rebound.
11:51 of 3rd period - Shot by Andre Burakovsky.
11:51 of 3rd period - Stopped by Malcolm Subban without a rebound.
11:52 of 3rd period - Nolan Patrick wins face-off versus Thomas Novak in NEW YORK Rangers zone.
11:52 of 3rd period - Nolan Patrick is hit by Ryan Carpenter .
11:57 of 3rd period - Off-side.
11:58 of 3rd period - Mikael Granlund wins face-off versus Travis Konecny in neutral zone.
12:11 of 3rd period - Shot by Travis Konecny.
12:11 of 3rd period - Deflect By Taylor Hall.
12:11 of 3rd period - Shot Blocked by Henri Jokiharju.
12:41 of 3rd period - Shot by Travis Konecny.
12:41 of 3rd period - Shot Misses the Net.
12:50 of 3rd period - Icing by Jonathan Marchessault.
12:51 of 3rd period - Mikael Granlund wins face-off versus Nolan Patrick in BOSTON Bruins zone.
13:32 of 3rd period - Icing by Dmitri Orlov.
13:33 of 3rd period - Ty Dellandrea wins face-off versus Elias Pettersson in BOSTON Bruins zone.
13:47 of 3rd period - Shot by Kaapo Kakko.
13:47 of 3rd period - Stopped by Malcolm Subban without a rebound.
13:48 of 3rd period - Travis Konecny wins face-off versus Thomas Novak in NEW YORK Rangers zone.
13:50 of 3rd period - Icing by Kevin Fiala.
13:51 of 3rd period - Travis Konecny wins face-off versus Thomas Novak in NEW YORK Rangers zone.
15:35 of 3rd period - Shot by Jonathan Marchessault.
15:35 of 3rd period - Stopped by Malcolm Subban without a rebound.
15:36 of 3rd period - Tyler Ennis wins face-off versus Elias Pettersson in NEW YORK Rangers zone.
15:36 of 3rd period - Tyler Ennis is hit by Elias Pettersson.
15:43 of 3rd period - John Moore is hit by Henri Jokiharju and loses puck.
15:50 of 3rd period - Shot by Logan Couture.
15:50 of 3rd period - Stopped by Jacob Markstrom without a rebound.
15:51 of 3rd period - Ty Dellandrea wins face-off versus Mikael Granlund in BOSTON Bruins zone.
15:51 of 3rd period - Ty Dellandrea is hit by Matt Dumba.
16:06 of 3rd period - Vasili Podkolzin is hit by Dmitri Orlov and loses puck.
16:10 of 3rd period - Minor Penalty to Matt Dumba for Delaying the game.
16:11 of 3rd period - Mikael Granlund wins face-off versus Nolan Patrick in BOSTON Bruins zone.
16:19 of 3rd period - Off-side.
16:20 of 3rd period - Mikael Granlund wins face-off versus Travis Konecny in neutral zone.
16:48 of 3rd period - Shot by Jakob Chychrun.
16:48 of 3rd period - Shot Misses the Net.
18:25 of 3rd period - Tyler Ennis is hit by Dmitri Orlov and loses puck.
18:33 of 3rd period - Icing by Matt Dumba.
18:34 of 3rd period - Ty Dellandrea wins face-off versus Thomas Novak in BOSTON Bruins zone.
18:49 of 3rd period - Shot by Zachary Senyshyn.
18:49 of 3rd period - Deflect By Thomas Novak.
18:49 of 3rd period - Shot Blocked by Ty Dellandrea.
19:21 of 3rd period - Shot by Elias Pettersson.
19:21 of 3rd period - Shot Misses the Net.
19:48 of 3rd period - Kaapo Kakko is hit by John Moore and loses puck.
Goals for this period are 1 for NEW YORK Rangers vs 2 for BOSTON Bruins.
Shots for this period are 5 for NEW YORK Rangers vs 6 for BOSTON Bruins.

Overtime #1


0:01 of 1st overtime period - Mikael Granlund wins face-off versus Travis Konecny in neutral zone.
0:11 of 1st overtime period - Taylor Hall is hit by Mikael Granlund and loses puck.
0:12 of 1st overtime period - Minor Penalty to Mikael Granlund for Roughing.
0:13 of 1st overtime period - Nolan Patrick wins face-off versus Ryan Carpenter in BOSTON Bruins zone.
1:14 of 1st overtime period - Shot by Taylor Hall.
1:14 of 1st overtime period - Shot Misses the Net.
1:16 of 1st overtime period - Shot by Torey Krug.
1:16 of 1st overtime period - Stopped by Jacob Markstrom with a rebound.
1:20 of 1st overtime period - Shot by Kevin Fiala.
1:20 of 1st overtime period - Deflect By Taylor Hall.
1:20 of 1st overtime period - Shot Misses the Net.
1:22 of 1st overtime period - Shot by Travis Konecny.
1:22 of 1st overtime period - Deflect By Taylor Hall.
1:22 of 1st overtime period - Shot Misses the Net.
1:24 of 1st overtime period - Shot by Taylor Hall.
1:24 of 1st overtime period - Shot Blocked by Jake DeBrusk.
1:26 of 1st overtime period - Shot by Torey Krug.
1:26 of 1st overtime period - Shot Blocked by Henri Jokiharju.
1:28 of 1st overtime period - Shot by Torey Krug.
1:28 of 1st overtime period - Shot Misses the Net.
1:38 of 1st overtime period - Shot by Jakob Chychrun.
1:38 of 1st overtime period - Stopped by Jacob Markstrom without a rebound.
1:39 of 1st overtime period - Jonathan Marchessault wins face-off versus Nolan Patrick in BOSTON Bruins zone.
1:39 of 1st overtime period - Adam Boqvist is hit by Nolan Patrick.
1:55 of 1st overtime period - Shot by Elias Pettersson.
1:55 of 1st overtime period - Goal by Elias Pettersson - NEW YORK Rangers : 3 - BOSTON Bruins : 4.
Goals for this period are 0 for NEW YORK Rangers vs 1 for BOSTON Bruins.
Shots for this period are 2 for NEW YORK Rangers vs 1 for BOSTON Bruins.